 Dungeon Crawl Stone Soup version 0.29.1-4-g47bece8355 (webtiles) character file.

Game seed: 18269603595089609547

9361 MajorAdolf the Fighter (level 11, -10/103 HPs)
             Began as a Naga Wanderer on Dec 10, 2022.
             Was an Initiate of Gozag.
             Mangled by Fannar
             ... wielding a +0 quarterstaff of freezing
              (36 damage)
             ... on level 10 of the Dungeon.
             The game lasted 00:29:27 (19811 turns).

MajorAdolf the Fighter (Naga Wanderer)             Turns: 19811, Time: 00:29:28

Health: -10/103    AC: 17    Str: 17    XL:     11   Next: 45%
Magic:  12/12      EV:  5    Int: 13    God:    Gozag
Gold:   857        SH:  8    Dex: 12    Spells: 12/12 levels left

rFire   + . .      SeeInvis +   P - +4 flail
rCold   . . .      Faith    .   a - +0 kite shield
rNeg    . . .      Spirit   .   Q - +3 chain mail {rF+}
rPois   +          Reflect  .   q - +1 helmet
rElec   .          Harm     .   d - +0 cloak
rCorr   +          Rampage  .   y - +0 pair of gloves "Nixyet" {rCorr Stlth+}
Will    ++...                   (no barding)
Stlth   +.........              (no amulet)
HPRegen 0.27/turn               k - ring of willpower
MPRegen 0.13/turn               (no ring)

@: very slow
A: AC +3, large, see invisible, deformed body, poison resistance, slowness 2,
spit poison 1, naga tail 1
a: Spit Poison, Renounce Religion, Potion Petition, Call Merchant, Bribe Branch


You were on level 10 of the Dungeon.
You worshipped Gozag.
Gozag was pleased with you.
You visited 2 branches of the dungeon, and saw 11 of its levels.
You also visited: Sewer and Ossuary.

You collected 1749 gold pieces.
You spent 247 gold pieces at shops.
You paid 645 gold pieces to Gozag.

Inventory:

Hand Weapons
 f - a +4 whip
 P - a +4 flail (weapon)
Armour
 a - a +0 kite shield (worn)
 d - a +0 cloak (worn)
 q - a +1 helmet (worn)
 y - the +0 pair of gloves "Nixyet" (worn) {rCorr Stlth+}
   (You found it on level 4 of the Dungeon)

   rCorr:     It protects you from acid and corrosion.
   Stlth:     It makes you more stealthy.
 Q - a +3 chain mail of fire resistance (worn)
Jewellery
 k - a ring of willpower (left hand)
Wands
 C - a wand of digging (4)
 O - a wand of flame (20)
Scrolls
 b - a scroll of blinking
 e - 5 scrolls of enchant armour
 j - 6 scrolls of amnesia
 x - a scroll of enchant weapon
 D - 2 scrolls of brand weapon {unknown}
 E - 5 scrolls of magic mapping {unknown}
 F - 2 scrolls of identify
 J - 2 scrolls of summoning
 K - 4 scrolls of immolation {unknown}
 N - a scroll of poison {unknown}
Potions
 c - 2 potions of might {unknown}
 g - 2 potions of lignification {unknown}
 i - 8 potions of curing
 l - 4 potions of cancellation {unknown}
 m - 3 potions of brilliance
 s - 3 potions of heal wounds {unknown}
 t - 4 potions of haste {unknown}
 u - 3 potions of attraction {unknown}
 v - a potion of resistance {unknown}
 w - 3 potions of flight {unknown}
 z - 6 potions of mutation {unknown}
 G - a potion of berserk rage {unknown}
 H - 3 potions of degeneration {unknown}
 I - a potion of invisibility {unknown}


   Skills:
 + Level 8.2 Fighting
 + Level 7.7 Axes
 + Level 6.7 Armour
 + Level 6.8 Dodging
 - Level 4.4 Stealth
 + Level 2.2 Shields
 - Level 1.0 Spellcasting
 - Level 2.0 Ice Magic
 - Level 3.0 Air Magic
 + Level 6.4 Evocations


You had 12 spell levels left.
You didn't know any spells.
Your spell library contained the following spells:

 Spells                   Type           Power      Damage    Failure   Level
 Freeze                   Ice            20%        1d4       98%         1
 Shock                    Conj/Air       16%        1d4       99%         1
 Slow                     Hex            0%         N/A       100%        1
 Confusing Touch          Hex            0%         N/A       100%        3
 Gell's Gravitas          Tloc           0%         N/A       100%        3
 Ozocubu's Armour         Ice            5%         N/A       100%        3
 Teleport Other           Tloc           0%         N/A       100%        3
 Vampiric Draining        Necr           0%         2d6       100%        3
 Airstrike                Air            4%         2d(1-17)  100%        4
 Dispersal                Tloc           0%         N/A       100%        6
 Corpse Rot               Necr/Pois/Air  Unusable   N/A       N/A         4

Dungeon Overview and Level Annotations

Branches:
Dungeon (10/15)            Temple (1/1) D:4           Sewer (visited)
Ossuary (visited)
   Lair: D:8-11         Orc: D:9-12

Altars:
Ashenzari
Cheibriados
Dithmenos
Elyvilon
Fedhas
Gozag
Hepliaklqana
Kikubaaqudgha
Makhleb
Nemelex Xobeh
Okawaru
Qazlal
Ru
Sif Muna
Trog
Uskayaw
Vehumet
Wu Jian
Xom
Yredelemnul
Zin
The Shining One

Shops:
D:7 [

Annotations:
D:2 1 runed translucent door, Crazy Yiuf
D:4 Eustachio
D:10 1 runed translucent door, ElMinstaer's ghost, journeyman TrGl; Fannar; Sonja


Innate Abilities, Weirdness & Mutations

Your serpentine skin is tough. (AC +3)
You have supernaturally acute eyesight. (SInv)
Armour fits poorly on your strangely shaped body.
Your system is resistant to poisons. (rPois)
You cover ground very slowly.
You can spit poison.
You have a snake-like lower body.


Message History

Sonja says, "I'm academy-trained, you know."
Found a scimitar and 18 gold pieces.
Sonja zaps a wand.
You resist with almost no effort.
As you read the scroll of fear, it crumbles to dust.
You assume a fearsome visage.
Sonja looks frightened!
Fannar looks frightened!
Sonja gestures wildly while chanting.
Sonja blinks!
Fannar gestures wildly while chanting.
Fannar blinks!
There is an open door here.
You close the door.
You close the door.
You start resting.
Something unseen breaks down the door.
Press: ? - help, v - describe, . - travel A broken door.
It's broken and can't be closed.
It's broken and can't be closed.
It's broken and can't be closed.
You open the door.
There is an open door here.
Fannar mumbles some strange words.
Fannar drains the heat from the surrounding environment!
Unknown command.
Fannar attacks as you move away! Fannar barely misses you.
As you read the scroll of fear, it crumbles to dust.
You assume a fearsome visage.
Fannar resists with almost no effort.
Fannar hits you but does no damage.
A howler monkey comes into view.
Unknown command.
Fannar hits you but does no damage.
Fannar gestures wildly while chanting.
Blink to where?
Press: ? - help, Dir - move target
Found a stone staircase leading down.
As you read the scroll of blinking, it crumbles to dust.
Fannar mumbles some strange words.
Fannar drains the heat from the surrounding environment!
You die...
Your body crumbles into a pile of gold.

######......#
............#
............#
#..........#
#..........#
#..........# ..h..
#..........## .....#
#.....@.....# .....#
#...........# .....#
#...........# .....#
#...........# .....#
#...........#
.....######...........#
#..Y..ยง.e........####
#..#########.....#
#..#.......#.....#


You could see Fannar.

Vanquished Creatures
  A two-headed ogre (D:9)
  An ugly thing (D:10)
  Joseph (D:9)
  Psyche (D:8)
  A hornet (D:8)
  Prince Ribbit (D:6)
  Sigmund (D:3)
  2 shadows (D:8)
  15 yaks
  3 wyverns
  A steam dragon (D:8)
  Grum (D:7)
  Menkaure (D:7)
  An acid dragon (D:10)
  2 sky beasts (D:8)
  2 orc warriors
  2 ice beasts
  4 wolves (D:7)
  2 centaurs
  2 phantoms
  2 kobold brigands (D:8)
  A gnoll sergeant (D:9)
  2 bullfrogs
  13 scorpions
  4 wights (D:8)
  4 killer bees (D:10)
  3 electric eels (D:7)
  A howler monkey (D:10)
  A centaur zombie (Ossuary)
  2 hounds
  3 orc priests
  Jessica (D:2)
  2 iguanas
  A hell rat (Sewer)
  7 orc wizards
  5 scorpion zombies (Ossuary)
  5 ogre zombies (D:9)
  3 mummies (Ossuary)
  Robin (D:2)
  5 gnolls (D:8)
  7 adders
  4 river rats (Sewer)
  A white imp (D:6)
  A worm (D:2)
  2 dart slugs (D:1)
  25 orcs
  6 bats
  8 endoplasms
  7 giant cockroaches
  13 goblins
  9 hobgoblins
  3 jackals (D:4)
  A quokka (D:1)
  6 ball pythons
  4 frilled lizards
  2 gnoll zombies (Ossuary)
  2 goblin skeletons (D:9)
  5 goblin zombies
  2 hobgoblin zombies (D:9)
  19 kobolds
  A kobold zombie (Ossuary)
  4 orc skeletons (D:9)
  7 orc zombies (D:9)
  7 rats
257 creatures vanquished.

Vanquished Creatures (others)
  An orc wizard (D:5)
  4 fungi (D:9)
  7 plants
12 creatures vanquished.

Grand Total: 269 creatures vanquished

Notes
Turn   | Place    | Note
-------+----------+-------------------------------------------
     0 | D:1      | MajorAdolf the Naga Wanderer began the quest for the Orb.
     0 | D:1      | MajorAdolf set off with the following items: a +0 club, a
                  | scroll of blinking, a +0 robe, a +0 cloak; and the
                  | following spells available to memorise: Freeze, Shock,
                  | Ozocubu's Armour, Airstrike, Corpse Rot.
     0 | D:1      | Reached XP level 1. HP: 18/18 MP: 2/2
   234 | D:1      | Reached XP level 2. HP: 18/25 MP: 3/3
   511 | D:1      | Found a faded altar of an unknown god.
   964 | D:1      | Reached skill level 1 in Armour
   964 | D:1      | Reached skill level 1 in Dodging
  1018 | D:1      | Reached XP level 3. HP: 31/32 MP: 4/4
  1414 | D:2      | Reached skill level 2 in Fighting
  1665 | D:2      | Reached XP level 4. HP: 31/39 MP: 5/5
  2088 | D:2      | Noticed Jessica
  2093 | D:2      | Killed Jessica
  2094 | D:2      | Reached skill level 1 in Axes
  2191 | D:2      | Reached XP level 5. HP: 42/46 MP: 6/6
  2273 | D:2      | Noticed Robin
  2286 | D:2      | Killed Robin
  2555 | D:2      | Found a runed translucent door.
  2556 | D:2      | Noticed Crazy Yiuf
  2982 | D:3      | Noticed Sigmund
  2990 | D:3      | Killed Sigmund
  2991 | D:3      | Reached skill level 3 in Fighting
  2991 | D:3      | Reached XP level 6. HP: 51/56 MP: 7/7
  3374 | D:3      | Found a broken altar of Ashenzari.
  3785 | D:4      | Reached XP level 7. HP: 62/62 MP: 8/8
  4078 | D:4      | Identified the +0 pair of gloves "Nixyet" {rCorr Stlth+}
  4096 | D:4      | Found a staircase to the Ecumenical Temple.
  4105 | Temple   | Entered the Ecumenical Temple
  4360 | Temple   | Became a worshipper of Gozag Ym Sagoz the Greedy
  4521 | D:4      | Noticed Eustachio
  4527 | D:5      | Entered Level 5 of the Dungeon
  4662 | D:5      | Reached skill level 4 in Fighting
  4729 | D:5      | Found a glowing drain.
  4745 | Sewer    | Entered a sewer
  5841 | D:5      | Reached XP level 8. HP: 63/73 MP: 9/9
  6283 | D:6      | Found a sand-covered staircase.
  6289 | Ossuary  | Entered an ossuary
  6707 | Ossuary  | Reached skill level 1 in Evocations
  6789 | Ossuary  | Reached skill level 5 in Fighting
  7724 | Ossuary  | Reached XP level 9. HP: 41/81 MP: 10/10
  8011 | Ossuary  | Reached skill level 5 in Axes
  9314 | D:6      | Noticed Prince Ribbit
  9339 | D:6      | Killed Prince Ribbit
  9669 | D:7      | Reached skill level 6 in Fighting
 10768 | D:7      | Noticed Menkaure
 11029 | D:7      | Killed Menkaure
 11030 | D:7      | Reached skill level 5 in Dodging
 11294 | D:7      | Reached skill level 5 in Armour
 11541 | D:7      | Found a white marble altar of Elyvilon.
 11546 | D:7      | Found a glowing golden altar of the Shining One.
 11546 | D:7      | Found a burning altar of Makhleb.
 12103 | D:8      | Noticed Grum
 12351 | D:7      | Killed Grum
 12352 | D:7      | Reached XP level 10. HP: 28/92 MP: 11/11
 13169 | D:8      | Noticed Psyche
 13174 | D:8      | Killed Psyche
 13614 | D:7      | Bought a glowing chain mail for 247 gold pieces
 13672 | D:8      | Reached skill level 7 in Fighting
 13911 | D:8      | Reached skill level 5 in Evocations
 14704 | D:9      | Found a shimmering altar of Xom.
 17103 | D:8      | Reached XP level 11. HP: 80/102 MP: 12/12
 17526 | D:9      | Reached skill level 1 in Shields
 17535 | D:9      | Noticed Joseph
 17544 | D:9      | Noticed a two-headed ogre
 17625 | D:10     | Entered Level 10 of the Dungeon
 17969 | D:9      | Killed Joseph
 18144 | D:9      | Killed a two-headed ogre
 18145 | D:9      | Reached skill level 8 in Fighting
 18671 | D:9      | Noticed a green ugly thing
 18694 | D:10     | Killed a green ugly thing
 18899 | D:9      | Identified the +6 chain mail "Qyafuc" {Will++ Dex-3 SInv
                  | Stlth+}
 19102 | D:10     | Found a runed translucent door.
 19126 | D:10     | HP: 5/103 [orc warrior/+0 mace (7)]
 19746 | D:10     | Noticed Sonja
 19768 | D:10     | Noticed Fannar
 19770 | D:10     | Noticed ElMinstaer's ghost (journeyman TrGl)
 19811 | D:10     | Mangled by Fannar

Illustrated notes

Levels and vault maps discovered:
D:1:      saegor_arrival_simple_e, layout_loops_ring, basic_ecumenical_altar
D:2:      layout_rooms, uniq_crazy_yiuf_cottage, uniq_robin, uniq_jessica
D:3:      layout_basic, mainiacjoe_overflow_surrounded_room,
          nicolae_kite_square_tiling_tiny, minmay_quadrilaterals, uniq_sigmund
D:4:      kennysheep_spiral_hall, layout_gridville,
          minmay_temple_entry_gardened_gates, st_stairs_9, uniq_eustachio
D:5:      layout_loops_ring, portal_sewer_entry_d,
          minmay_misc_feat_secret_circle
D:6:      layout_cave_pools, enter_ossuary_1, uniq_prince_ribbit1
D:7:      layout_basic, grunt_temple_overflow_open, serial_bayou,
          serial_bayou_lagoon_a, serial_bayou_pond_a, serial_bayou_pond_c,
          serial_bayou_pond_d, uniq_menkaure
D:8:      layout_loops_ring, uniq_psyche, uniq_grum
D:9:      layout_big_octagon, xom_teletrap_fun, dpeg_oklobed_lair,
          zombieorc2_lemuel, kennysheep_generic_room_5, uniq_joseph
D:10:     layout_irregular_city, ebering_ghost_reflecting_pool, uniq_snorg,
          uniq_nergalle, uniq_sonja, uniq_fannar
Temple:   minmay_crystal_spiral_temple

Skill      XL: |  1  2  3  4  5  6  7  8  9 10 11 |
---------------+----------------------------------+-----
Armour         | 1 2 3 4 5 6 |  6.7
Dodging        | 1 2 3 4 5 6 |  6.8
Fighting       | 2 3 4 5 6 7 8 |  8.2
Axes           | 1 2 3 4 6 7 |  7.7
Evocations     | 2 4 5 6 |  6.4
Shields        | 2 |  2.2
Stealth        | |  4.4
Spellcasting   | |  1.0
Ice Magic      | |  2.0
Air Magic      | |  3.0

Action                   |  1- 3 |  4- 6 |  7- 9 | 10-12 || total
-------------------------+-------+-------+-------+-------++-------
Melee: Whip              |    86 |   131 |   553 |    73 ||   843
       Club              |     2 |       |       |       ||     2
       Punch             |       |       |     2 |     3 ||     5
       Flail             |       |       |       |   371 ||   371
Invok: Call Merchant     |       |       |     1 |       ||     1
 Abil: Spit Poison       |    15 |    14 |    43 |    42 ||   114
Evoke: Wand              |       |       |     3 |    11 ||    14
  Use: Scroll            |       |       |    11 |    11 ||    22
       Potion            |       |       |     1 |     1 ||     2
 Stab: Sleeping          |     8 |     1 |     3 |       ||    12
       Distracted        |       |       |     1 |       ||     1
Armor: Robe              |    24 |    17 |       |       ||    41
       Scale mail        |       |    34 |    82 |       ||   116
       Chain mail        |       |       |   308 |   395 ||   703
Dodge: Dodged            |    49 |    58 |   198 |   177 ||   482
Block: Kite shield       |       |       |       |   112 ||   112
